 Dungeon Crawl Stone Soup version 0.31-a0-854-g362426d53f (webtiles) character file.

Game seed: 5185525996694478212

41 avis the Ducker (level 3, 16/16 HPs)
             Began as a Felid Artificer on Oct 8, 2023.
             Got out of the dungeon alive.
             The game lasted 00:04:54 (1035 turns).

avis the Ducker (Felid Artificer)                   Turns: 1035, Time: 00:04:55

Health: 16/16      AC:  1    Str: 10    XL:     3   Next: 32%
Magic:  4/4        EV: 18    Int: 12    God:
Gold:   99         SH:  0    Dex: 16    Spells: 2/2 levels left
                                        Lives:  0   Deaths: 1

rFire   . .          .
                       - Unarmed
rCold   . . .        (shield unavailable)
rNeg    . . .        (body armour unavailable)
rPois   .            (helmet unavailable)
rElec   .            (cloak unavailable)
rCorr   .            (gloves unavailable)
SInv    +            (boots unavailable)
Will    .....        (no amulet)
Stlth   ++           (no ring)
HPRegen 0.22/turn    (no ring)
MPRegen 0.09/turn

%: no passive effects
@: quick
A: very small, claws 1, fangs 3, see invisible, speed 1, shaggy fur 1, stealthy
paws, no weapons or thrown items, no armour, multi-lived
a: no special abilities


You escaped.
You visited 1 branch of the dungeon, and saw 2 of its levels.

You collected 99 gold pieces.

Inventory:

Talismans
 l - a blade talisman
Wands
 a - a wand of flame (14) (quivered)
 b - a wand of charming (15)
 c - a wand of iceblast (5)
Potions
 d - a potion of cancellation {unknown}
 e - a potion of haste {unknown}


   Skills:
 - Level 2.0 Fighting
 * Level 3.5 Dodging
 - Level 2.0 Stealth
 - Level 2.0 Unarmed Combat
 - Level 3.2 Evocations


You had 2 spell levels left.
You didn't know any spells.
Your spell library was empty.

Dungeon Overview and Level Annotations

Branches:
Dungeon (2/15)

Altars:

Annotations:
D:2 Robin


Innate Abilities, Weirdness & Mutations

You have sharp claws.
You have razor-sharp teeth.
You have supernaturally acute eyesight. (SInv)
You cover ground quickly. (Speed+)
You are covered in fur. (AC +1)
Your paws help you pounce on unaware monsters.
You are incapable of wielding weapons or throwing items.
You cannot wear armour.
You gain extra lives every three experience levels.


Message History

The goblin closely misses you.
You climb upwards.
There is a stone staircase leading down here.
You scratch the goblin. You bite the goblin, but do no damage.
The goblin is moderately wounded.
The goblin hits you with a +0 dagger.
You closely miss the goblin. You bite the goblin.
The goblin is severely wounded.
The goblin barely misses you.
You closely miss the goblin.
The goblin is severely wounded.
The goblin hits you with a +0 dagger.
You scratch the goblin.
You kill the goblin!
Things that are here:
a +0 dagger; a goblin corpse
There is a stone staircase leading down here.
You start resting.
HP restored.
You climb downwards.
Level annotation: Robin The goblin hits you with a +0 club.
The goblin misses you. The goblin hits you with a +0 dagger.
There is a stone staircase leading up here.
The goblin completely misses you. The goblin closely misses you.
The hobgoblin hits you.
* * * LOW HITPOINT WARNING * * *
Robin roars a battlecry!
The goblins go into a battle-frenzy!
You hear a shout!
You climb upwards.
There is a stone staircase leading down here.
You scratch the goblin.
The goblin is heavily wounded.
The goblin completely misses you. The hobgoblin misses you.
The goblin hits you with a +0 dagger.
You die...
You rejoin the land of the living...
There is a staircase leading out of the dungeon here.
You have escaped!

#....≈...##.##.#
###.≈.≈..##.##.#
#.≈.≈..##.##.#
#.≈..≈.......#
#.≈...≈.#.####
#..≈.......## ######
#..≈.≈≈≈≈≈..## #.....
#..≈......≈..####.####
#..≈.@≈....≈....).....
#...≈.≈...≈..####.###.
####.....≈.≈≈...#
#.###.
#....≈...≈......#
#.....
#.##.≈...≈....#.#
#####.
#.##.≈..≈.......#
#####.
#.##.≈.≈..##.####
#..... #.##.≈.≈.###.#
#.###. #.##..≈..###+##
####.###.


There were no monsters in sight!

Vanquished Creatures
  3 dart slugs (D:1)
  2 bats (D:1)
  7 endoplasms (D:1)
  3 goblins (D:1)
  3 hobgoblins (D:1)
  3 kobolds (D:1)
  4 quokkas (D:1)
  A ball python (D:1)
  A frilled lizard (D:1)
  2 rats (D:1)
29 creatures vanquished.

Notes
Turn   | Place    | Note
-------+----------+-------------------------------------------
     0 | D:1      | avis the Felid Artificer began the quest for the Orb.
     0 | D:1      | Reached XP level 1. HP: 9/9 MP: 2/2
   127 | D:1      | Reached XP level 2. HP: 4/13 MP: 3/3
   357 | D:1      | Reached skill level 1 in Unarmed Combat
   627 | D:1      | Reached XP level 3. HP: 12/16 MP: 4/4
   991 | D:2      | Noticed Robin
  1026 | D:1      | Slain by a goblin
  1035 | D:$      | Got out of the dungeon alive.

Illustrated notes

Levels and vault maps discovered:
D:1:      ebering_trefoil_3fold, layout_loops_corners
D:2:      layout_rooms, uniq_robin

Skill      XL: |  1  2  3 |
---------------+----------+-----
Fighting       | 2 |  2.0
Unarmed Combat | 2 |  2.0
Stealth        | 2 |  2.0
Dodging        | |  3.5
Evocations     | |  3.2

Action                     || total
---------------------------++-------
  Melee: Unarmed           ||    90
         Bite              ||     8
         Punch             ||     1
  Evoke: Wand              ||     1
   Stab: Sleeping          ||     7
 Armour: Skin              ||    27
  Dodge: Dodged            ||    63

Table legend: (Time is in decaauts)
 A = Elapsed time spent in this place.
 B = Non-inter-level travel time spent in this place.
 C = Inter-level travel time spent in this place.
 D = Time resting spent in this place.
 E = Time spent auto-exploring this place.
 F = Levels seen in this place.
 G = Mean time per level.
                   A        B        C        D        E       F      G
               +--------+--------+--------+--------+--------+-----+--------+
         Total |    888 |    826 |     62 |    164 |    415 |   2 |  444.0 |
       Dungeon |    888 |    826 |     62 |    164 |    415 |   2 |  444.0 |
               +--------+--------+--------+--------+--------+-----+--------+

Top non-repeatable levels by time:
     D:1: 878 daAuts
     D:2: 10 daAuts
